 Dungeon Crawl Stone Soup version 0.30-b1-2-g02819fbbbe (webtiles) character file.

Game seed: 16074654660662115489

5000 Metae the Fighter (level 10, -1/90 HPs)
             Began as a Minotaur Fighter on June 24, 2023.
             Was a Believer of Uskayaw.
             Slain by a sky beast (6 damage)
             ... on level 8 of the Dungeon on June 25, 2023.
             The game lasted 00:17:46 (6325 turns).

Metae the Fighter (Minotaur Fighter)                Turns: 6325, Time: 00:17:47

Health: -1/90      AC: 16    Str: 25    XL:     10   Next: 29%
Magic:  13/13      EV:  9    Int:  8    God:    Uskayaw [**....]
Gold:   551        SH: 16    Dex: 16    Spells: 9/9 levels left

rFire   x . .        u - +4 short sword (venom)
rCold   + . .        s - +0 kite shield
rNeg    + + +        o - +1 plate armour of Tuwynn {Regen+ Int+3}
rPois   .            (helmet restricted)
rElec   .            (no cloak)
rCorr   .            A - +0 pair of gloves "Logir" {rF- rN+++ Stlth+}
SInv    .            (no boots)
Will    +....        b - amulet of Metsikhle {Reflect Will+ Slay+3 SH+5} Stlth
                     a - ring of protection from cold
HPRegen 1.15/turn    B - +6 ring of dexterity
MPRegen 0.13/turn

%: reflection
@: no status effects
A: horns 2, retaliatory headbutt
a: Renounce Religion, Stomp, Line Pass


You were on level 8 of the Dungeon.
You worshipped Uskayaw.
Uskayaw was noncommittal.
You visited 2 branches of the dungeon, and saw 9 of its levels.
You also visited: Bailey.

You collected 551 gold pieces.

Inventory:

Hand Weapons
 h - a +1 short sword of draining
 u - a +4 short sword of venom (weapon)
Missiles
 q - 60 stones (quivered)
Armour
 o - the +1 plate armour of Tuwynn (worn) {Regen+ Int+3}
   (You found it in a bailey)

   Int:       It affects your intelligence (+3).
   Regen:     It increases your rate of health regeneration.
 s - a +0 kite shield (worn)
 A - the +0 pair of gloves "Logir" (worn) {rF- rN+++ Stlth+}
   (You found it in a bailey)

   rF:        It makes you vulnerable to fire.
   rN:        It renders you almost immune to negative energy.
   Stlth:     It makes you more stealthy.
Jewellery
 a - a ring of protection from cold (left hand)
 b - the amulet of Metsikhle (around neck) {Reflect Will+ Slay+3 SH+5}
   (You acquired it on level 8 of the Dungeon)

   [amulet of reflection]

   It reflects blocked missile attacks.
   Slay:      It affects your accuracy & damage with ranged weapons and melee
   (+3).
   SH:        It affects your SH (+5).
   Will:      It increases your willpower.
 v - an amulet of regeneration
 B - a +6 ring of dexterity (right hand)
Wands
 x - a wand of roots (15)
 y - a wand of paralysis (8)
 D - a wand of digging (3)
 E - a wand of flame (10)
Scrolls
 e - 4 scrolls of vulnerability
 g - 3 scrolls of fear
 j - 2 scrolls of blinking
 k - a scroll of noise {unknown}
 l - 4 scrolls of teleportation
 m - 2 scrolls of poison
 t - a scroll of amnesia {unknown}
 G - 2 scrolls of immolation
Potions
 d - a potion of might
 f - 2 potions of brilliance {unknown}
 i - 4 potions of heal wounds
 n - 2 potions of lignification
 p - a potion of resistance {unknown}
 w - a potion of attraction {unknown}
 z - a potion of flight {unknown}
 C - 2 potions of ambrosia {unknown}


   Skills:
 + Level 8.5 Fighting
 + Level 7.2 Short Blades
 + Level 8.4 Armour
 + Level 6.7 Dodging
 + Level 8.5 Shields
 + Level 5.4 Invocations


You had 9 spell levels left.
You didn't know any spells.
Your spell library contained the following spells:

 Spells                   Type           Power      Damage    Failure   Level
 Static Discharge         Conj/Air       0%         2-2/arc   100%        2
 Airstrike                Air            0%         2d(0-16)  100%        4
 Summon Lightning Spire   Summ/Air       0%         N/A       100%        4


Dungeon Overview and Level Annotations

Branches:
Dungeon (8/15)             Temple (1/1) D:4          Bailey (visited)
   Lair: D:8-11

Altars:
Ashenzari
Cheibriados
Dithmenos
Elyvilon
Fedhas
Gozag
Hepliaklqana
Kikubaaqudgha
Makhleb
Nemelex Xobeh
Okawaru
Qazlal
Ru
Sif Muna
Trog
Uskayaw
Vehumet
Wu Jian
Xom
Yredelemnul
Zin
The Shining One

Shops:
D:2 [   D:5 (   D:7 :


Innate Abilities, Weirdness & Mutations

You have a pair of horns on your head.
You reflexively headbutt those who attack you in melee.


Message History

The steam dragon breathes steam at you. The ball of steam hits you!
The steam scalds you terribly! Something hits you but does no damage.
The sky beast attacks as you move away! The sky beast hits you.
The sky beast shocks you. You block the sky beast's attack.
You barely miss the steam dragon.
The steam dragon is severely wounded.
You are engulfed in a cloud of scalding steam.
The sky beast is engulfed in a cloud of scalding steam.
The sky beast hits you but does no damage.
The steam dragon barely misses you. You block the steam dragon's attack.
The steam dragon barely misses you. You block the steam dragon's attack.
Reactivating autopickup.
You feel a bit more experienced.
You hit the steam dragon.
The steam dragon is poisoned.
The steam dragon is almost dead.
You hit the steam dragon.
The steam dragon looks as sick as possible!
The steam dragon is almost dead.
The sky beast flickers out of sight!
Deactivating autopickup; reactivate with Ctrl-A.
Something hits you. Something shocks you. The sky beast completely misses you.
The steam dragon breathes steam at you.
The ball of steam hits you but does no damage.
The steam dragon breathes steam at you. The ball of steam hits you!!
The steam scalds you terribly!
* * * LOW HITPOINT WARNING * * *
The ball of steam hits something!
You hit the steam dragon.
You kill the steam dragon!
The steam dragon scales are intact enough to wear.
You are engulfed in a cloud of scalding steam.
The orc wizard gestures wildly while chanting.
The orc wizard flickers and vanishes!
Something hits you but does no damage. You block the steam dragon's attack. x2
The sky beast is engulfed in a cloud of scalding steam.
The sky beast hits you.
* * * LOW HITPOINT WARNING * * *
The sky beast shocks you.
You die...

...~≈.# $ ≈~..# .#
#..~≈#) (#≈~..##.#
..~≈.$##.≈~.....
..~≈§..(.≈~...#
#..#§~≈.{§§§...#
...§.~≈§≈§§#..#
#...#~§~§#§..#
##...§§YD...#
#...§§{@[..##
#########
..#.§§####..#
##........ ##.. ##.#
#......... ##
#.####.≈≈~≈≈...
#......≈...≈...
...........#.~.∩)))..
..######.###.≈.>)≈...
#.# #.≈≈~≈≈... #.#
#.........


You could see a steam dragon (catching breath) and a sky beast.

Vanquished Creatures
  Pikel (D:8)
  An orc knight (Bailey)
  Maggie (D:7)
  Prince Ribbit (D:6)
  6 yaks (D:5)
  Eustachio (D:5)
  2 steam dragons (D:8)
  Edmund (D:6)
  2 water moccasins
  6 orc warriors
  2 black bears
  A sky beast (D:7)
  3 ice beasts
  An ogre (D:6)
  2 bullfrogs (D:6)
  3 scorpions
  An oklob sapling (D:4)
  A howler monkey (D:7)
  2 hounds
  An orc priest (D:7)
  4 iguanas
  A sleepcap (D:5)
  5 orc wizards
  7 gnolls
  3 adders
  A shadow imp (D:7)
  A white imp (D:6)
  An ufetubus (D:5)
  A worm (D:3)
  38 orcs
  3 endoplasms
  A giant cockroach (D:2)
  11 goblins
  6 hobgoblins
  4 jackals
  9 kobolds
  4 quokkas
  5 ball pythons
  4 bats
  3 frilled lizards
  11 rats
162 creatures vanquished.

Vanquished Creatures (others)
  A sky beast (D:8)
  2 plants (D:4)
3 creatures vanquished.

Grand Total: 165 creatures vanquished

Notes
Turn   | Place    | Note
-------+----------+-------------------------------------------
     0 | D:1      | Metae the Minotaur Fighter began the quest for the Orb.
     0 | D:1      | Reached XP level 1. HP: 19/19 MP: 0/0
   209 | D:1      | Reached XP level 2. HP: 15/27 MP: 1/1
   796 | D:2      | Reached skill level 1 in Dodging
   863 | D:2      | Reached XP level 3. HP: 33/33 MP: 2/2
  1228 | D:2      | Found Xyfywk's Armour Shoppe.
  1445 | D:2      | Found a faded altar of an unknown god.
  1946 | D:3      | Reached XP level 4. HP: 40/40 MP: 3/3
  2519 | D:4      | Found a staircase to the Ecumenical Temple.
  2540 | D:4      | Reached XP level 5. HP: 45/47 MP: 4/4
  2545 | Temple   | Entered the Ecumenical Temple
  2678 | Temple   | Became a worshipper of Uskayaw the Reveller
  2712 | D:4      | Reached * piety under Uskayaw
  2716 | D:4      | Reached ** piety under Uskayaw
  2723 | D:4      | Reached *** piety under Uskayaw
  2968 | D:4      | Noticed an ice beast
  2970 | D:4      | Reached XP level 6. HP: 55/55 MP: 5/5
  2986 | D:4      | Killed an ice beast
  2987 | D:4      | Reached skill level 5 in Fighting
  2987 | D:4      | Reached skill level 5 in Armour
  2987 | D:4      | Reached skill level 5 in Shields
  3376 | D:5      | Entered Level 5 of the Dungeon
  3542 | D:5      | Noticed a water moccasin
  3555 | D:5      | Killed a water moccasin
  3556 | D:5      | Reached skill level 1 in Invocations
  3556 | D:5      | Reached XP level 7. HP: 45/61 MP: 6/6
  3645 | D:5      | Found Acyompaza's Antique Weapon Shoppe.
  3648 | D:5      | Noticed a yak
  3649 | D:5      | Noticed a yak
  3649 | D:5      | Noticed a yak
  3649 | D:5      | Noticed a yak
  3657 | D:5      | Noticed a yak
  3658 | D:5      | Noticed a yak
  3663 | D:5      | Killed a yak
  3666 | D:5      | Reached **** piety under Uskayaw
  3668 | D:5      | Killed a yak
  3668 | D:5      | Killed a yak
  3673 | D:5      | Killed a yak
  3673 | D:5      | Reached ***** piety under Uskayaw
  3674 | D:5      | Reached XP level 8. HP: 70/70 MP: 7/9
  3677 | D:5      | Reached skill level 5 in Short Blades
  3794 | D:5      | Noticed Eustachio
  3815 | D:5      | Killed Eustachio
  4208 | D:6      | Noticed Edmund
  4223 | D:6      | Killed Edmund
  4224 | D:6      | Reached skill level 5 in Dodging
  4334 | D:6      | Reached XP level 9. HP: 52/79 MP: 10/10
  4390 | D:6      | Noticed Prince Ribbit
  4409 | D:6      | Killed Prince Ribbit
  4427 | D:6      | Found a snail-covered altar of Cheibriados.
  4568 | D:6      | Found an iron altar of Okawaru.
  4637 | D:6      | Found a glowing silver altar of Zin.
  4637 | D:6      | Found a burning altar of Makhleb.
  4638 | D:6      | Noticed an Executioner
  4638 | D:6      | Noticed an angel
  4714 | D:7      | Noticed Maggie
  4724 | D:7      | Killed Maggie
  4780 | D:7      | Found Kiemm's Vocational Training.
  4916 | D:7      | Found a shadowy altar of Dithmenos.
  5006 | D:7      | Found a radiant altar of Vehumet.
  5380 | D:7      | Found a shimmering altar of Xom.
  5440 | D:8      | Identified a scroll of acquirement
  5440 | D:8      | Acquired the amulet of Metsikhle {Reflect Will+ Slay+3
                  | SH+5}
  5480 | D:8      | Noticed Pikel
  5491 | D:8      | Killed Pikel
  5492 | D:8      | Reached skill level 5 in Invocations
  5498 | D:8      | Reached XP level 10. HP: 63/88 MP: 12/12
  5677 | D:8      | Found a flagged portal.
  5693 | Bailey   | Entered a bailey
  6200 | Bailey   | Identified the +1 plate armour of Tuwynn {Regen+ Int+3}
  6203 | Bailey   | Identified the +0 pair of gloves "Logir" {rF- rN+++ Stlth+}
  6233 | Bailey   | Noticed an orc knight
  6258 | Bailey   | Killed an orc knight
  6325 | D:8      | Slain by a sky beast

Illustrated notes

Levels and vault maps discovered:
D:1:      dpeg_arrival_erosion, layout_loops_ring, minmay_tiny_reverse_x
D:2:      layout_basic, dilly_ecumenical_altar_fadedgnrine, serial_shops, shop,
          minmay_between
D:3:      layout_basic
D:4:      layout_loops_corners, minmay_temple_entry_oklob
D:5:      layout_loops_ring, serial_shops, nicolae_take_the_stairs,
          uniq_eustachio
D:6:      layout_cave_pools, grunt_temple_overflow_order_and_chaos_2,
          lemuel_round_altar, lemuel_round_altar, uniq_edmund,
          uniq_prince_ribbit1
D:7:      layout_loops_cross, lemuel_coloured_pillars_altar, vehumet_crystals,
          mainiacjoe_overflow_tiny_flanked, serial_rivers,
          chequers_serial_rivers_small_b, chequers_serial_rivers_room_b,
          chequers_serial_rivers_micro_b, chequers_serial_rivers_micro_b,
          nicolae_shop_vocational, uniq_maggie
D:8:      layout_loops_corners, david_lair_shrubbed, enter_bailey_5,
          hangedman_misty_isle, uniq_pikel
Temple:   hellmonk_temple_two_chambers

Skill      XL: |  1  2  3  4  5  6  7  8  9 10 |
---------------+-------------------------------+-----
Dodging        | 1 2 3 4 5 6 |  6.7
Fighting       | 4 5 6 7 8 |  8.5
Armour         | 4 5 6 8 |  8.4
Shields        | 4 5 6 8 |  8.5
Short Blades   | 3 4 5 6 7 |  7.2
Invocations    | 1 2 3 5 |  5.4

Action                     |  1- 3 |  4- 6 |  7- 9 | 10-12 || total
---------------------------+-------+-------+-------+-------++-------
  Melee: Rapier            |   109 |       |       |       ||   109
         Headbutt          |     7 |    14 |    55 |    27 ||   103
         Short sword       |     5 |    95 |   226 |   108 ||   434
  Throw: Stone             |       |       |     3 |     3 ||     6
    Use: Scroll            |       |       |     8 |     1 ||     9
   Stab: Paralysed         |       |       |     9 |     1 ||    10
 Armour: Scale mail        |    49 |    17 |    14 |       ||    80
         Chain mail        |       |       |    33 |     5 ||    38
         Plate armour      |       |       |       |    13 ||    13
  Dodge: Dodged            |    48 |    25 |    53 |    23 ||   149
  Block: Buckler           |    16 |       |       |       ||    16
         Kite shield       |    19 |    28 |    94 |    79 ||   220
